Map: King's Cove LE

Players

Mez - Winner!

  • Race: Terran Terran
  • League: Diamond
  • Spawn Location: 11:00

Dynamic

  • Race: Zerg Zerg
  • League: Diamond
  • Spawn Location: 5:00

VOD

Have the link to the VOD?

Description

Time

  • Played on: July 27, 2019, 11:06 p.m.
  • Length: 12:01
Show
View Real Time Build Order
Export as new Build Order

Mez Terran - Winner!

Build Orders: Reaper Expand 

Get SALT Encoding   

  12  0:01  SCV  
  13  0:14  SCV  
  14  0:19  Supply Depot  
  14  0:26  SCV  
  15  0:40  SCV  
  15  0:42  Barracks  
  16  0:46  Refinery  
  16  0:52  SCV  
  17  1:04  SCV  
  18  1:16  SCV  
  19  1:30  Reaper, Orbital Command  
  20  1:45  Command Center  
  20  1:55  Barracks  
  20  1:59  SCV  
  21  2:03  Barracks Reactor  
  21  2:11  SCV  
  22  2:16  Barracks  
  22  2:25  SCV, Supply Depot  
  23  2:45  Barracks Tech Lab  
  23  2:46  Marine x2  
  23  2:49  SCV  
  26  2:55  Engineering Bay  
  26  2:57  Orbital Command  
  26  3:01  SCV  
  27  3:06  Marine x3  
  27  3:07  Marine  
  27  3:11  Combat Shield  
  31  3:15  SCV  
  32  3:24  SCV  
  32  3:25  Marine x3  
  32  3:26  Marine  
  37  3:33  Supply Depot  
  37  3:37  SCV x2  
  37  3:40  Terran Infantry Weapons Level 1  
  39  3:43  Barracks Reactor  
  39  3:44  Marine x2  
  39  3:45  Marine  
  39  3:47  Marine  
  43  3:49  SCV  
  43  3:51  SCV  
  45  3:58  Supply Depot  
  45  4:01  SCV  
  46  4:03  SCV  
  46  4:07  Marine x4  
  51  4:13  SCV  
  51  4:15  SCV  
  53  4:26  SCV  
  53  4:27  SCV  
  55  4:32  Barracks Reactor  
  55  4:33  Stimpack, Command Center  
  55  4:34  Marine x3  
  58  4:39  SCV x2  
  60  4:48  Factory  
  60  4:49  Refinery  
  60  4:50  Refinery  
  60  4:52  SCV, Marine  
  62  5:00  Supply Depot  
  62  5:02  Supply Depot  
  62  5:03  Marine  
  62  5:22  SCV x2, Marine x4  
  68  5:30  Barracks, Supply Depot  
  68  5:31  Barracks  
  68  5:32  Supply Depot, Factory Reactor  
  68  5:33  Starport  
  68  5:34  SCV  
  69  5:37  Terran Infantry Armor Level 1  
  69  5:45  Marine x3  
  69  5:46  Orbital Command  
  69  5:47  SCV x2  
  74  5:52  Marine  
  74  5:53  Marine  
  76  5:59  SCV, Supply Depot  
  76  6:00  SCV  
  76  6:01  Supply Depot  
  78  6:08  Marine  
  78  6:09  Marine x2  
  81  6:12  SCV x2  
  81  6:14  SCV  
  81  6:16  Medivac x2  
  88  6:19  Barracks Reactor x2  
  88  6:20  Marine x2  
  88  6:24  SCV x2  
  92  6:26  Supply Depot  
  92  6:28  Supply Depot  
  92  6:32  Armory  
  92  6:35  SCV  
  92  6:36  SCV  
  92  6:39  Engineering Bay  
  94  6:40  Marine  
  94  6:41  Marine x4  
  99  6:54  SCV x2  
  99  6:55  Medivac x2  
  99  6:58  Marine x4  
  109  7:02  Command Center  
  109  7:05  Marine x3, Supply Depot  
  109  7:07  Marine x2  
  114  7:14  SCV x3  
  117  7:16  Marine x2  
  117  7:20  Marine  
  117  7:21  Marine  
  121  7:22  Marine  
  121  7:23  Marine  
  121  7:26  SCV  
  103  7:40  Marine  
  103  7:41  Marine x7  
  103  7:43  Medivac  
  103  7:44  Medivac  
  113  7:45  SCV x2  
  113  7:49  Barracks  
  113  7:50  Barracks x2  
  105  8:05  Marine  
  105  8:06  Marine x8  
  114  8:20  Command Center  
  114  8:21  Supply Depot  
  114  8:22  Medivac x2  
  114  8:23  Marine x4  
  120  8:38  Marine x5  
  125  8:41  Barracks Reactor, Marine x4, Barracks Tech Lab  
  125  8:42  Barracks Tech Lab  
  125  8:47  Planetary Fortress  
  129  8:52  Medivac x2  
  133  8:56  Marine  
  133  8:58  Marine  
  133  8:59  Marine x4, Marauder  
  132  9:13  Marine x2  
  132  9:14  Marine, Marauder x2  
  132  9:16  Marine x3  
  132  9:17  Marine x2  
  140  9:20  Marauder  
  137  9:24  Marine  
  137  9:25  Marine  
  137  9:29  Missile Turret  
  137  9:30  Missile Turret, Terran Infantry Weapons Level 2  
  137  9:31  Marine x3  
  137  9:34  Missile Turret  
  137  9:35  Orbital Command  
  133  9:40  Command Center  
  133  9:41  Marine x5, Marauder  
  133  9:42  Marine x4  
  133  9:43  Terran Infantry Armor Level 2  
  144  9:47  Barracks  
  144  9:48  Barracks  
  144  9:49  Marine, Barracks  
  144  9:50  Barracks  
  144  9:51  Missile Turret  
  145  9:59  Concussive Shells  
  145  10:00  Marauder x2  
  145  10:01  Marine x5  
  145  10:05  SCV x4  
  145  10:06  SCV  
  156  10:17  SCV x2  
  158  10:22  Marine  
  158  10:23  Marine x9  
  158  10:24  Marauder x3  
  158  10:25  Refinery  
  174  10:42  Marine x4  
  178  10:46  Marauder x2  
  182  10:56  Marine  
  182  10:57  Marine x4, Marauder  
  169  11:00  Marine x4  
  169  11:01  Marine  
  178  11:07  Marauder x2  
  184  11:18  Marauder  
  184  11:20  Marine x12  
  184  11:21  Marine x2  
  184  11:22  Medivac  
  196  11:28  Marine, Marauder  
  195  11:38  Marine x7  
  195  11:39  Marauder  
Show
View Real Time Build Order
Export as new Build Order

Dynamic Zerg 

Build Orders: Hatch First, Muta Ling Bane 

Get SALT Encoding   

  12  0:00  Drone  
  13  0:12  Overlord  
  13  0:18  Drone  
  14  0:32  Drone x2  
  14  0:35  Drone  
  17  0:45  Drone  
  18  0:58  Hatchery  
  18  0:59  Drone  
  18  1:06  Drone  
  18  1:11  Extractor  
  18  1:17  Drone  
  19  1:22  Spawning Pool  
  18  1:30  Drone  
  19  1:39  Drone  
  20  1:50  Drone  
  21  2:00  Overlord  
  21  2:09  Queen  
  21  2:10  Zergling x2, Queen  
  21  2:11  Zergling x2  
  27  2:21  Drone  
  28  2:27  Hatchery  
  28  2:28  Drone  
  28  2:33  Drone  
  28  2:35  Drone  
  30  2:42  Overlord  
  30  2:46  Metabolic Boost  
  30  2:51  Drone  
  31  2:54  Overlord  
  31  3:00  Overlord  
  31  3:04  Drone  
  31  3:05  Drone  
  33  3:11  Queen  
  35  3:14  Drone  
  36  3:21  Drone x3  
  36  3:22  Drone  
  40  3:28  Drone x2  
  40  3:31  Drone  
  40  3:33  Drone  
  44  3:36  Extractor  
  44  3:37  Drone, Extractor  
  44  3:39  Drone  
  44  3:41  Drone  
  44  3:45  Drone  
  46  3:50  Queen  
  46  3:52  Overlord  
  48  4:00  Drone  
  48  4:01  Drone x2  
  48  4:02  Zergling x4  
  53  4:03  Drone  
  53  4:07  Drone  
  55  4:10  Drone  
  55  4:11  Baneling Nest  
  55  4:12  Drone  
  56  4:17  Lair  
  56  4:21  Zergling x4  
  58  4:25  Zergling x2  
  58  4:26  Zergling x4  
  58  4:30  Drone x3  
  64  4:33  Drone x2  
  64  4:35  Drone  
  67  4:39  Drone x3  
  67  4:44  Overlord  
  70  4:46  Overlord  
  70  5:00  Baneling  
  70  5:01  Baneling x2  
  70  5:03  Baneling x5  
  70  5:04  Baneling  
  70  5:06  Zergling x10  
  73  5:15  Overlord  
  73  5:18  Overlord  
  73  5:20  Overlord x2  
  73  5:21  Overlord x2  
  73  5:32  Overlord x2  
  73  5:36  Overlord x2  
  73  5:38  Drone x2  
  73  5:39  Drone  
  73  5:42  Centrifical Hooks  
  76  5:44  Drone  
  76  5:45  Drone x2  
  76  5:47  Drone  
  76  5:49  Zergling x4  
  82  5:51  Baneling x2  
  82  5:55  Baneling  
  82  5:58  Baneling x3  
  82  5:59  Drone x2  
  82  6:00  Zergling x2  
  82  6:02  Extractor  
  82  6:03  Queen  
  86  6:04  Queen, Extractor  
  86  6:08  Overlord  
  86  6:09  Overlord  
  86  6:11  Overlord x4  
  87  6:12  Overseer  
  87  6:16  Spore Crawler  
  86  6:19  Overseer  
  86  6:20  Spore Crawler  
  86  6:21  Zergling x4  
  86  6:22  Zergling x2  
  88  6:27  Zergling x6  
  91  6:43  Spire, Drone x2  
  91  6:46  Extractor  
  91  6:48  Drone x3  
  91  6:49  Drone x2  
  91  6:50  Zergling x2  
  91  6:53  Evolution Chamber  
  96  6:54  Evolution Chamber  
  96  6:57  Drone x2, Spore Crawler  
  96  6:58  Drone, Spore Crawler x2  
  95  7:05  Zergling x4  
  95  7:06  Zergling x2  
  97  7:10  Overlord  
  97  7:11  Drone, Zergling x2  
  97  7:15  Zergling x2  
  100  7:17  Baneling x7  
  100  7:18  Zergling x6, Baneling  
  100  7:19  Zergling x4  
  105  7:26  Overlord  
  105  7:28  Zergling x2  
  105  7:29  Zergling x2  
  84  7:37  Baneling x5  
  84  7:38  Zergling x2, Baneling x2  
  84  7:39  Zergling x4, Baneling  
  84  7:41  Zergling x2  
  84  7:42  Zergling x4  
  87  7:48  Zergling x2  
  86  7:52  Zergling x2  
  86  7:53  Zergling x2  
  86  7:56  Drone x3  
  87  8:00  Zergling x2  
  87  8:02  Mutalisk x2  
  87  8:03  Zerg Flyer Weapons Level 1  
  87  8:09  Drone x2, Hatchery  
  87  8:10  Drone  
  89  8:13  Zergling x4  
  89  8:15  Zerg Ground Armor Level 1, Zerg Melee Weapons Level 1  
  89  8:16  Hatchery  
  89  8:18  Hatchery  
  89  8:21  Drone x2  
  89  8:26  Drone x5  
  96  8:33  Drone x2, Hatchery  
  97  8:57  Baneling x3  
  97  9:00  Mutalisk x7  
  111  9:04  Mutalisk  
  104  9:14  Mutalisk  
  98  9:21  Drone x5  
  98  9:22  Drone x5  
  101  9:28  Drone x3  
  103  9:34  Drone x2  
  104  9:40  Drone  
  104  9:44  Drone x4  
  109  9:46  Drone x3  
  109  9:49  Drone  
  109  9:50  Drone  
  109  9:51  Drone x3  
  109  9:52  Drone x3  
  120  9:54  Drone  
  120  9:57  Drone  
  122  10:00  Baneling x3  
  122  10:01  Drone x2, Baneling x6  
  122  10:02  Drone  
  123  10:07  Spine Crawler  
  123  10:08  Overlord, Spine Crawler  
  123  10:09  Overlord x2  
  123  10:12  Infestation Pit  
  95  10:18  Zergling x4  
  95  10:19  Zergling x8  
  95  10:20  Zergling x4  
  100  10:21  Zergling x2  
  100  10:22  Zergling x2  
  100  10:23  Zergling x2, Baneling  
  100  10:24  Baneling x2  
  103  10:32  Spine Crawler  
  103  10:33  Drone  
  103  10:34  Drone x2  
  103  10:35  Drone x4  
  109  10:36  Zergling x4  
  109  10:41  Drone x3, Extractor x2  
  112  10:43  Zergling x4  
  112  10:44  Zergling x2  
  112  10:46  Zergling x2, Drone x3  
  112  10:48  Zergling x2  
  120  10:50  Zergling x2  
  120  10:54  Zergling x2  
  120  10:55  Zergling x4  
  120  10:56  Zergling x2  
  106  10:58  Zergling x4  
  108  11:04  Baneling  
  108  11:05  Baneling x4  
  108  11:06  Zergling x6  
  108  11:07  Zergling x2  
  108  11:10  Zergling x2  
  109  11:11  Zergling x2  
  109  11:14  Zergling x2  
  109  11:15  Zergling x4  
  109  11:16  Zergling x2  
  109  11:17  Zergling x2  
  109  11:18  Zergling x2  
  110  11:20  Zergling x2  
  110  11:23  Zergling x2  
  110  11:25  Zergling x2  
  102  11:26  Zergling x2  
  102  11:27  Zergling x2  
  102  11:30  Zergling x2  
  100  11:32  Baneling  
  100  11:33  Baneling  
  100  11:35  Zergling x2  
  100  11:36  Baneling  
  100  11:37  Zergling x2  
  100  11:38  Zergling x4, Drone  
  100  11:39  Zergling x4  
  99  11:41  Zergling x2  
Tags
 
Add a new tag
Caveats
  • Supply blocks, unpowered buildings, or Contaminate may cause inaccurate times.
  • Supply counts are checked every 10 seconds.